cohdb
Replays
Latest Replays
All Replays
Popular Replays
Top Player Replays
Match Explorer
How It Works
Community
CoH3 Stats
Reddit
Sign in to upload your games and track your stats! →
Sign in with Steam
Match 41531534
Unlisted
Match 41531534
Overview
Messages
Build Orders
End
Kradschützen Motorcycle Team
Panzerpioneer Squad
250 Light Carrier
Selects Panzerjäger Kommand Battlegroup
Selects Mine Fields
Construct Light Support Kompanie
Assault Grenadier Squad
Combat Half-tracks
Panzerjäger Squad
Selects Tank Busters
Assault Mechanized Group
250 Light Carrier
250 Light Carrier
Kradschützen Motorcycle Team
Fire Support Elements
Kradschützen Motorcycle Team
Construct Panzerarmee Kommand
Walking Stuka Rocket Launcher
Panzer III L Medium Tank
Selects Crew Shock Tactics
Selects Anti-tank Overwatch
2.5-tonne Medical Truck
Anti-tank Overwatch
Panzer III L Medium Tank
Kradschützen Motorcycle Team
Vehicle Survival Package
Walking Stuka Rocket Launcher
Anti-tank Overwatch
MG34 Team
Panzerjäger Mechanized Group
Mr.Faraam
Trash magnet
ShoulderGuy
mattw02823
0
0
Comments
sign in to comment!
No comments posted yet!